 Dungeon Crawl Stone Soup version 0.27.1-4-g1640c2035a (webtiles) character file.

Game seed: 16376346215416653687

97 Findor the Firebug (level 4, -4/27 HPs)
             Began as an Octopode Fire Elementalist on Nov 17, 2021.
             Slain by a water moccasin (6 damage)
             ... on level 6 of the Dungeon.
             The game lasted 00:05:25 (3223 turns).

Findor the Firebug (Octopode Fire Elementalist)     Turns: 3223, Time: 00:05:25

Health: -4/27      AC:  1    Str:  7    XL:     4   Next: 68%
Magic:  3/8        EV: 13    Int: 24    God:
Gold:   146        SH:  0    Dex: 12    Spells: 4/8 levels left

rFire    . . .     SeeInvis .   e - +1 dagger
rCold    . . .     Faith    .   (no shield)
rNeg     . . .     Spirit   .   d - +0 hat
rPois    .         Reflect  .   (no amulet)
rElec    .         Harm     .   f - +6 ring of intelligence
rCorr    .         Rampage  .   (no ring)
Will     .....                  (no ring)
Stlth    +++.......             (no ring)
HPRegen  0.09/turn              (no ring)
MPRegen  0.11/turn              (no ring)
                                (no ring)
                                (no ring)

@: lethally poisoned (-4 -> -7)
A: almost no armour, amphibious, 8 rings, camouflage 1, gelatinous body 1,
(nimble swimmer 1), tentacles
a: no special abilities


You were on level 6 of the Dungeon.
You visited 1 branch of the dungeon, and saw 4 of its levels.

You collected 146 gold pieces.


Innate Abilities, Weirdness & Mutations

You cannot wear most types of armour.
You are amphibious.
You can wear up to eight rings at the same time.
Your skin changes colour to match your surroundings (Stealth+).
Your rubbery body absorbs attacks. (AC +1, EV +1)
((You are camouflaged near water. (Stealth+)))
You have tentacles for arms and can constrict up to eight enemies at once.


   Skills:
 - Level 2.0 Dodging
 - Level 2.6 Stealth
 + Level 2.7 Spellcasting
 + Level 2.2 Conjurations
 * Level 4.3 Fire Magic


You had 4 spell levels left.
You knew the following spells:

 Your Spells              Type           Power      Damage    Failure   Level
a - Foxfire               Conj/Fire      72%        2x1d7     3%          1
d - Conjure Flame         Conj/Fire      18%        6-21      9%          3

Your spell library contained the following spells:

 Spells                   Type           Power      Damage    Failure   Level
 Inner Flame              Hex/Fire       13%        N/A       14%         3
 Corpse Rot               Necr/Air       N/A        N/A       17%         2
 Poisonous Vapours        Pois/Air       6%         N/A       17%         2
 Sticky Flame             Conj/Fire      18%        2d4       28%         4
 Fireball                 Conj/Fire      9%         3d6       63%         5
 Freezing Cloud           Conj/Ice/Air   3%         6-21      92%         5

Inventory:

Hand Weapons
 e - a +1 dagger (weapon)
   (You took it off a goblin on level 1 of the Dungeon)
 k - a +0 whip of distortion {!w}
   (You took it off an orc on level 3 of the Dungeon)
Missiles
 j - 4 boomerangs
Armour
 d - a +0 hat (worn)
   (You found it on level 1 of the Dungeon)
 g - a +0 helmet
   (You found it on level 2 of the Dungeon)
Magical Staves
 h - a staff of cold
   (You found it on level 2 of the Dungeon)
Jewellery
 f - a +6 ring of intelligence (left tentacle)
   (You found it on level 2 of the Dungeon)
Scrolls
 a - 2 scrolls of identify {@r1}
 c - a scroll of vulnerability {!r}


Message History

Okay, then.
You feel much better. The water moccasin bites you.
The water moccasin bites you!
* * * LOW HITPOINT WARNING * * *
You are lethally poisoned!
The water moccasin poisons you!
Casting: Foxfire (safe; 3% risk of failure)
You conjure some foxfire!
* * * LOW HITPOINT WARNING * * *
You feel very sick. The water moccasin barely misses you.
The orc closely misses you.
* * * LOW HITPOINT WARNING * * *
You feel sick.
The foxfire hits the water moccasin. x2
The water moccasin bites you but does no damage.
The orc hits you with a +0 short sword.
* * * LOW HITPOINT WARNING * * *
You feel much better.
You feel sick. The water moccasin misses you.
The water moccasin completely misses you.
The orc hits you with a +0 short sword.
You feel better. The water moccasin bites you. The orc completely misses you.
Casting: Foxfire (safe; 3% risk of failure)
You conjure some foxfire!
The water moccasin bites you.
You are poisoned.
The water moccasin poisons you! The orc hits you with a +0 short sword.
The water moccasin misses you.
You feel very sick.
The foxfire hits the water moccasin but does no damage.
The foxfire hits the water moccasin.
The water moccasin bites you.
* * * LOW HITPOINT WARNING * * *
The orc barely misses you.
Casting: Foxfire (safe; 3% risk of failure)
You conjure some foxfire!
* * * LOW HITPOINT WARNING * * *
You feel very sick. The water moccasin closely misses you.
The orc barely misses you.
* * * LOW HITPOINT WARNING * * *
You feel sick.
The foxfire hits the water moccasin. x2
The water moccasin closely misses you. The water moccasin bites you.
* * * LOW HITPOINT WARNING * * *
The orc barely misses you.
You feel much better.
You feel sick. The water moccasin bites you.
The orc hits you with a +0 short sword.
* * * LOW HITPOINT WARNING * * *
Casting: Foxfire (safe; 3% risk of failure)
You conjure some foxfire!
You feel sick. The water moccasin bites you.
* * * LOW HITPOINT WARNING * * *
The orc hits you with a +0 short sword.
* * * LOW HITPOINT WARNING * * *
The water moccasin bites you.
You die...

## #.#########
#.#...v.o...#
#.....v@S5..#
######.##.......
#.# ....... #.#
.##..P# #.# .#
..# ##.##.# ##
#...#.# #......#
5.........#


You could see a water moccasin (ally target), an orc (ally target) and an
ufetubus.

Vanquished Creatures
  An orc wizard (D:3)
  An adder (D:3)
  2 worms (D:2)
  2 dart slugs
  An orc (D:3)
  3 ball pythons
  3 endoplasms
  5 giant cockroaches
  4 hobgoblins
  4 jackals (D:3)
  3 quokkas
  6 bats
  2 frilled lizards (D:1)
  3 goblins (D:1)
  6 kobolds
  4 rats
50 creatures vanquished.

Vanquished Creatures (others)
  135 foxfires
135 creatures vanquished.

Grand Total: 185 creatures vanquished

Notes
Turn   | Place    | Note
-------+----------+-------------------------------------------
     0 | D:1      | Findor the Octopode Fire Elementalist began the quest for
                  | the Orb.
     0 | D:1      | Reached XP level 1. HP: 11/11 MP: 3/3
     0 | D:1      | Noticed a shadow dragon
     6 | D:1      | Noticed a shadow dragon
     7 | D:1      | Noticed an orb of fire
     8 | D:1      | Noticed an ice dragon
     9 | D:1      | Noticed an ice dragon
    11 | D:1      | Noticed a large abomination
    11 | D:1      | Noticed a tentacled monstrosity
    13 | D:1      | Noticed an orb of fire
    15 | D:1      | Noticed an ice dragon
    15 | D:1      | Noticed a yellow draconian
    17 | D:1      | Noticed a large abomination
    17 | D:1      | Noticed a tentacled monstrosity
    19 | D:1      | Noticed a large abomination
    21 | D:1      | Noticed an orb of fire
   349 | D:1      | Reached XP level 2. HP: 17/17 MP: 1/5
  1115 | D:1      | Reached XP level 3. HP: 13/21 MP: 2/6
  1610 | D:2      | Learned a level 3 spell: Conjure Flame
  1721 | D:2      | Found a faded altar of an unknown god.
  2557 | D:3      | Found a bloodstained altar of Trog.
  2557 | D:3      | Found a basalt altar of Yredelemnul.
  2644 | D:3      | Reached skill level 4 in Fire Magic
  2644 | D:3      | Reached XP level 4. HP: 22/27 MP: 4/7
  3206 | D:6      | Noticed a water moccasin
  3211 | D:6      | HP: 4/27 [water moccasin (6)]
  3221 | D:6      | HP: 1/27 [water moccasin (5)]
  3223 | D:6      | Slain by a water moccasin

Levels and vault maps discovered:
D:1:      shiori_arrival_whats_in_store_for_you, layout_loops_cross
D:2:      layout_basic, hellmonk_ecumenical_altar_slurped_away
D:3:      layout_loops_cross, mainiacjoe_overflow_divided_tiny,
          mainiacjoe_overflow_surrounded_room
D:6:      layout_loops_ring, grunt_temple_overflow_order_and_chaos_2,
          grunt_temple_overflow_growth_and_decay,
          nicolae_overflow_hidden_temple, minmay_three_doors

Action                   |  1- 3 |  4- 6 || total
-------------------------+-------+-------++-------
Melee: Unarmed           |    10 |       ||    10
       Constrict         |    15 |     1 ||    16
       Tentacles         |     4 |       ||     4
       Dagger            |    24 |     1 ||    25
 Cast: Foxfire           |    61 |    21 ||    82
  Use: Scroll            |     5 |     1 ||     6
       Potion            |       |     4 ||     4
 Stab: Sleeping          |     3 |       ||     3
Armor: Skin              |     7 |     2 ||     9
Dodge: Dodged            |    48 |    22 ||    70
